 Dungeon Crawl Stone Soup version 0.30-a0-140-gd1020e658a (webtiles) character file.

Game seed: 64861582682355684

108 qw the Chopper (level 4, -7/28 HPs)
             Began as a Gargoyle Fighter on Sept 24, 2022.
             Killed by divine providence
             ... invoked by an orc priest
              (14 damage)
             ... on level 3 of the Dungeon.
             The game lasted 00:00:31 (1691 turns).

qw the Chopper (Gargoyle Fighter)                   Turns: 1691, Time: 00:00:32

Health: -7/28      AC: 11    Str: 22    XL:     4   Next: 87%
Magic:  4/4        EV:  9    Int:  8    God:
Gold:   120        SH:  4    Dex:  9    Spells: 3/3 levels left

rFire   . . .      SeeInvis .    Y - +0 war axe
rCold   . . .      Faith    .    c - +0 buckler
rNeg    + . .      Spirit   .    b - +0 scale mail
rPois   inf        Reflect  .    (no helmet)
rElec   +          Harm     .    h - +0 cloak
rCorr   .          Rampage  .    (no gloves)
Will    .....                    (no boots)
Stlth   ..........               (no amulet)
HPRegen 0.09/turn                (no ring)
MPRegen 0.09/turn                (no ring)

@: no status effects
A: sickness immunity, AC +3, negative energy resistance 1, electricity
resistance, torment resistance 1, petrification resistance
a: no special abilities


You were on level 3 of the Dungeon.
You visited 1 branch of the dungeon, and saw 3 of its levels.

You collected 120 gold pieces.


Innate Abilities, Weirdness & Mutations

You are immune to sickness and miasma.
Your stone body is resilient. (AC +3)
You are immune to poison.
You resist negative energy. (rN+)
You are resistant to electric shocks. (rElec)
You are resistant to unholy torment.
You are immune to petrification.


   Skills:
 - Level 3.2 Fighting
 + Level 4.4 Axes
 - Level 3.2 Armour
 - Level 3.2 Shields


You had 3 spell levels left.
You didn't know any spells.
Your spell library was empty.

Inventory:

Hand Weapons
 g - a +0 club
 Y - a +0 war axe (weapon)
Armour
 b - a +0 scale mail (worn)
 c - a +0 buckler (worn)
 h - a +0 cloak (worn)
Potions
 d - a potion of might
 e - a potion of brilliance {unknown}
 i - a potion of mutation {unknown}

Dungeon Overview and Level Annotations

Branches:
Dungeon (3/15)

Altars:


Message History

The orc priest casts a cantrip, but nothing happens.
The orc completely misses you.
You barely miss the orc.
The orc is severely wounded.
You hit the orc priest. The orc hits you with a +0 trident.
The orc priest hits you but does no damage.
The orc priest calls upon Beogh to heal the orc priest.
The orc priest's wounds heal themselves!
The orc priest looks encouraged for a moment.
The orc priest barely misses you. The orc barely misses you.
You closely miss the orc.
The orc is severely wounded.
You barely miss the orc priest. You closely miss the orc.
The orc priest hits you but does no damage.
The orc hits you with a +0 mace. The orc hits you but does no damage.
You slash the orc!
You kill the orc!
You closely miss the orc priest. You hit the orc.
You barely miss the orc priest. The orc barely misses you.
The orc priest begins to cast a cantrip, but forgets the words!
The orc priest hits you but does no damage.
You slash the orc!
You kill the orc!
You hit the orc priest.
You hit the orc priest but do no damage.
The orc priest hits you with a +2 dagger of venom.
The orc priest barely misses you.
You slash the orc priest!
You kill the orc priest!
You hit the orc priest but do no damage.
You barely miss the orc priest.
The orc priest miscasts a cantrip.
You block the orc priest's attack.
The orc priest hits you but does no damage.
The orc priest invokes the aid of Beogh against you.
Beogh smites you!
Ouch! That really hurt!
You die...

... ## .......
.. .# .......
.## ..# .......
..#...# .....#.
..#....
#......##.......
...[#...........
......o)<%......
......o@........
.......)%.......
................
................
..$...).<.......
...........#....
....#......##...
..######.... ...


You could see 2 orc priests.

Vanquished Creatures
  An orc priest (D:3)
  Jessica (D:2)
  An orc wizard (D:3)
  An adder (D:2)
  2 dart slugs (D:1)
  6 orcs (D:3)
  An endoplasm (D:1)
  3 giant cockroaches
  4 goblins
  2 hobgoblins
  4 kobolds
  A quokka (D:3)
  4 ball pythons (D:1)
  3 bats
  2 frilled lizards
  2 rats (D:3)
38 creatures vanquished.

Notes
Turn   | Place    | Note
-------+----------+-------------------------------------------
     0 | D:1      | qw the Gargoyle Fighter began the quest for the Orb.
     0 | D:1      | Reached XP level 1. HP: 14/14 MP: 1/1
     0 | D:1      | 0 ||| qw: Version: 0.1.0-9-gbc19398
     0 | D:1      | 0 ||| qw: Game counter: 41
     0 | D:1      | 0 ||| qw: Always use a shield: true
     0 | D:1      | 0 ||| qw: God list: Okawaru
     0 | D:1      | 0 ||| qw: Allow faded altars: false
     0 | D:1      | 0 ||| qw: Do Orc after D:15 true
     0 | D:1      | 0 ||| qw: Do second Lair branch before Depths: true
     0 | D:1      | 0 ||| qw: Lair rune preference: random
     0 | D:1      | 0 ||| qw: Plans: Normal, Zot:1-4, God:TSO, Crypt, Tomb,
                  | Pan, Slime:5, Hells, Abyss, Orb
     0 | D:1      | 0 ||| PLANNING D:1-11
    48 | D:1      | Reached skill level 2 in Axes
   277 | D:1      | Reached XP level 2. HP: 11/19 MP: 2/2
   476 | D:1      | 476 ||| Stepping ~*~*~tactically~*~*~ (hiding).
   741 | D:1      | 741 ||| Stepping ~*~*~tactically~*~*~ (stealth).
   877 | D:1      | Reached skill level 3 in Axes
   883 | D:1      | Reached XP level 3. HP: 22/23 MP: 3/3
   935 | D:1      | 935 ||| UPGRADING to +0 cloak.
   940 | D:1      | 940 ||| READING scroll labelled VAIJIN OQOEW.
  1000 | D:2      | 1000 ||| Stepping ~*~*~tactically~*~*~ (stealth).
  1006 | D:2      | Noticed Jessica
  1017 | D:2      | Killed Jessica
  1198 | D:2      | 1198 ||| Stepping ~*~*~tactically~*~*~ (stealth).
  1230 | D:2      | 1230 ||| Stepping ~*~*~tactically~*~*~ (stealth).
  1234 | D:2      | 1234 ||| Stepping ~*~*~tactically~*~*~ (stealth).
  1235 | D:2      | 1235 ||| Stepping ~*~*~tactically~*~*~ (stealth).
  1236 | D:2      | 1236 ||| Stepping ~*~*~tactically~*~*~ (stealth).
  1250 | D:2      | 1250 ||| Stepping ~*~*~tactically~*~*~ (stealth).
  1266 | D:2      | 1266 ||| Stepping ~*~*~tactically~*~*~ (stealth).
  1267 | D:2      | 1267 ||| Stepping ~*~*~tactically~*~*~ (stealth).
  1274 | D:2      | Reached XP level 4. HP: 28/28 MP: 4/4
  1406 | D:2      | Found a faded altar of an unknown god.
  1543 | D:2      | 1543 ||| READING scroll labelled VIPSOSTR ZICWIL.
  1547 | D:2      | 1547 ||| READING scroll labelled QOEGUX ILUGEUQIGH.
  1548 | D:2      | 1548 ||| DRINKING 2 brown potions.
  1549 | D:2      | 1549 ||| DRINKING 2 fuming cyan potions.
  1650 | D:2      | 1650 ||| DROPPING potion of ambrosia.
  1673 | D:3      | Reached skill level 4 in Axes
  1675 | D:3      | 1675 ||| DRINKING potion of curing.
  1675 | D:3      | 1675 ||| (to cure confusion)
  1690 | D:3      | HP: 6/28 [orc priest/+2 dagger of venom (2)]
  1691 | D:3      | Killed from afar by an orc priest

Levels and vault maps discovered:
D:1:      matt_arrival_grand_opening, layout_basic
D:2:      layout_rooms, hellmonk_ecumenical_altar_crossroads, uniq_jessica
D:3:      layout_rooms, lemuel_tele_altar, gammafunk_temple_overflow_statue,
          grunt_decor_fettered, hangedman_decor_growths, uniq_ijyb

Skill      XL: |  1  2  3  4 |
---------------+-------------+-----
Axes           | 2 3 4 |  4.4
Fighting       | |  3.2
Armour         | |  3.2
Shields        | |  3.2

Action                   |  1- 3 |  4- 6 || total
-------------------------+-------+-------++-------
Melee: War axe           |    74 |    30 ||   104
  Use: Scroll            |     1 |     2 ||     3
       Potion            |       |     3 ||     3
Armor: Scale mail        |    44 |    37 ||    81
Dodge: Dodged            |    38 |    23 ||    61
Block: Buckler           |    15 |     5 ||    20

Table legend:
 A = Non-vault XP
 B = Vault XP
 C = Vault XP percentage of total XP
 D = Non-vault monster count
 E = Vault monster count
 F = Vault count percentage of total count
                 A         B        C        D         E       F
            +---------+---------+-------+---------+---------+-------
      Total |     159 |      37 |  18.9 |      37 |       1 |   2.6
            +---------+---------+-------+---------+---------+-------
        D:1 |      35 |       0 |   0.0 |      17 |       0 |   0.0
        D:2 |      17 |      37 |  68.5 |       4 |       1 |  20.0
        D:3 |     107 |       0 |   0.0 |      16 |       0 |   0.0
            +---------+---------+-------+---------+---------+-------
